 Dungeon Crawl Stone Soup version 0.31-a0-325-g067879e3d3 (webtiles) character file.

Game seed: 16944337236547484287

1351 HallandMoats the Trooper (level 8, -9/64 HPs)
             Began as a Demonspawn Brigand on July 19, 2023.
             Mangled by a red ugly thing (19 damage)
             ... on level 6 of the Dungeon.
             The game lasted 00:08:34 (3202 turns).

HallandMoats the Trooper (Demonspawn Brigand)       Turns: 3202, Time: 00:08:35

Health: -9/64      AC: 14    Str: 11 (14) XL:     8   Next: 36%
Magic:  11/11      EV:  9    Int: 10 (13) God:
Gold:   200        SH:  5    Dex: 12 (14) Spells: 7/7 levels left

rFire   . . .        l - +0 whip (venom)
rCold   . . .        (no shield)
rNeg    . . .        v - +2 scale mail {Will+}
rPois   .            (no helmet)
rElec   .            c - +0 cloak
rCorr   .            (no gloves)
SInv    .            (no boots)
Will    ++...        s - amulet of reflection
Stlth   +            h - ring of willpower
HPRegen 0.30/turn    j - +4 ring of protection
MPRegen 0.12/turn

%: reflection
@: brilliant
A: powered by death 1, spiny 1
a: no special abilities


You were on level 6 of the Dungeon.
You visited 1 branch of the dungeon, and saw 6 of its levels.

You collected 200 gold pieces.

Inventory:

Hand Weapons
 a - a +2 dagger
 l - a +0 whip of venom (weapon)
Missiles
 d - 17 poisoned darts
Armour
 c - a +0 cloak (worn)
 v - a +2 scale mail of willpower (worn)
Jewellery
 h - a ring of willpower (left hand)
 j - a +4 ring of protection (right hand)
 m - a ring of resist corrosion
 s - an amulet of reflection (around neck)
 y - a ring of willpower
Wands
 e - a wand of flame (25)
Scrolls
 n - 4 scrolls of identify
 p - a scroll of butterflies {unknown}
 t - 2 scrolls of acquirement {unknown}
 w - a scroll of fear {unknown}
 x - a scroll of revelation {unknown}
 B - a scroll of teleportation {unknown}
Potions
 b - a potion of magic {unknown}
 g - a potion of brilliance
 i - 3 potions of resistance
 k - a potion of ambrosia {unknown}
 o - a potion of degeneration
 q - a potion of heal wounds {unknown}
 r - a potion of attraction {unknown}
 z - a potion of curing
 A - a potion of enlightenment {unknown}


   Skills:
 * Level 6.2 Fighting
 - Level 1.7 Short Blades
 - Level 1.7 Throwing
 + Level 3.6 Armour
 + Level 3.7 Dodging
 - Level 3.6 Stealth
 + Level 5.2 Invocations
 + Level 2.8 Shapeshifting


You had 7 spell levels left.
You didn't know any spells.
Your spell library contained the following spells:

 Spells                   Type           Power      Damage    Failure   Level
 Apportation              Tloc           0%         N/A       90%         1
 Necrotise                Necr           0%         1d4       90%         1
 Summon Small Mammal      Summ           0%         N/A       90%         1
 Ozocubu's Armour         Ice            0%         N/A       99%         3
 Ozocubu's Refrigeration  Ice            0%         4d7       100%        7


Dungeon Overview and Level Annotations

Branches:
Dungeon (7/15)
 Temple: D:4-7

Altars:
Dithmenos

Shops:
D:1 (


Innate Abilities, Weirdness & Mutations

You regenerate a little health from kills.
You are partially covered in sharp spines.


Message History

Aim: a red ugly thing (lightly wounded, poisoned, 59% to hit)
You throw a poisoned dart.
The poisoned dart closely misses the red ugly thing.
You hear the slow rusting of a very distant drain.
Throw: throwing net
Press: ? - help, Q - select action, (/) - cycle Shift-Dir - straight line, f/p - red ugly thing
Aim: a red ugly thing (moderately wounded, poisoned, 59% to hit)
You throw a throwing net.
The throwing net barely misses the red ugly thing.
You block the red ugly thing's attack.
The red ugly thing is struck by your spines.
The red ugly thing pecks you!
You are engulfed in flames!!
* * * LOW HITPOINT WARNING * * *
The red ugly thing attacks as you move away!
The red ugly thing pecks you but does no damage.
The red ugly thing attacks as you move away!
The red ugly thing is struck by your spines.
The red ugly thing barely misses you.
The red ugly thing attacks as you move away!
The red ugly thing pecks you but does no damage.
The red ugly thing attacks as you move away!
The red ugly thing pecks you but does no damage.
The red ugly thing attacks as you move away!
The red ugly thing pecks you but does no damage.
The red ugly thing looks more healthy.
Things that are here:
a throwing net; a poisoned dart; a curare-tipped dart The red ugly thing pecks you but does no damage.
Okay, then.
It was a potion of degeneration.
There was something very wrong with that liquid.
You feel weakened.
You feel dopey.
You feel clumsy. You block the red ugly thing's attack.
It was a potion of brilliance.
You feel clever all of a sudden.
The red ugly thing pecks you but does no damage.
It was a potion of curing.
You feel better. The red ugly thing pecks you.
* * * LOW HITPOINT WARNING * * *
You are engulfed in flames!!
You die...

#......!..# #
#.#.#+##..#
#..#.#>.......
#....†.^....##
######......#
#........#..#
#.####+###..#
#(# .#
#############@#
.
#..........(u.#
#.##....#######
#....# #....#
#....# #....#
######


You could see a red ugly thing.

Vanquished Creatures
  A two-headed ogre (D:7)
  A hornet (D:6)
  A water moccasin (D:7)
  A scorpion (D:4)
  2 orc priests (D:2)
  3 hounds (D:4)
  An iguana (D:4)
  Terence (D:2)
  Natasha (twice) (D:2)
  8 adders
  2 white imps
  An ufetubus (D:4)
  4 dart slugs
  3 orcs (D:2)
  4 bats
  7 endoplasms
  2 giant cockroaches
  9 goblins
  4 hobgoblins
  10 kobolds
  2 quokkas
  7 ball pythons
  3 frilled lizards (D:1)
  4 rats
83 creatures vanquished.

Notes
Turn   | Place    | Note
-------+----------+-------------------------------------------
     0 | D:1      | HallandMoats the Demonspawn Brigand began the quest for the
                  | Orb.
     0 | D:1      | Reached XP level 1. HP: 16/16 MP: 1/1
   127 | D:1      | Reached skill level 1 in Dodging
   201 | D:1      | Gained mutation: You regenerate a little health from kills.
                  | [demonic ancestry]
   201 | D:1      | Reached XP level 2. HP: 19/22 MP: 2/2
   254 | D:1      | Found Num Achusa's Weapon Boutique.
   315 | D:1      | Reached skill level 1 in Invocations
   931 | D:2      | Reached XP level 3. HP: 14/28 MP: 3/3
  1087 | D:2      | Noticed Natasha
  1097 | D:2      | Killed Natasha
  1098 | D:2      | Reached skill level 3 in Fighting
  1098 | D:2      | Reached skill level 1 in Armour
  1098 | D:2      | Reached XP level 4. HP: 13/35 MP: 5/5
  1410 | D:2      | Reached skill level 1 in Shapeshifting
  1420 | D:2      | Reached XP level 5. HP: 41/41 MP: 6/6
  1735 | D:2      | Noticed Terence
  1741 | D:2      | Killed Terence
  1938 | D:2      | Noticed Natasha
  1943 | D:2      | Killed Natasha
  2491 | D:4      | Reached skill level 4 in Fighting
  2491 | D:4      | Gained mutation: You are partially covered in sharp spines.
                  | [demonic ancestry]
  2491 | D:4      | Reached XP level 6. HP: 47/48 MP: 8/8
  2975 | D:4      | Found a shadowy altar of Dithmenos.
  3023 | D:4      | You fall into a shaft and drop 3 floors!
  3032 | D:7      | Noticed a two-headed ogre
  3035 | D:7      | Noticed a water moccasin
  3077 | D:7      | Killed a two-headed ogre
  3078 | D:7      | Reached skill level 5 in Fighting
  3078 | D:7      | Reached XP level 7. HP: 48/57 MP: 8/10
  3078 | D:7      | Reached XP level 8. HP: 54/64 MP: 8/11
  3140 | D:7      | Noticed a hornet
  3148 | D:6      | Killed a hornet
  3149 | D:6      | Reached skill level 6 in Fighting
  3149 | D:6      | Reached skill level 5 in Invocations
  3163 | D:6      | Noticed a red ugly thing
  3202 | D:6      | Mangled by a red ugly thing

Illustrated notes

Levels and vault maps discovered:
D:1:      saegor_arrival_under_anarchy, layout_loops_ring, serial_shops,
          nicolae_shop_pleasant_corner_grove, minmay_strange_pillars
D:2:      cheibrodos_pilgrimage, layout_basic, nicolae_hexahallways,
          uniq_natasha, uniq_terence
D:3:      layout_rooms
D:4:      layout_basic, nicolae_dithmenos_the_darkroom, tgw_sif
D:6:      layout_basic, gup_sewer_entry_bowl, serial_shops, shop,
          kennysheep_mini_moat
D:7:      gammafunk_corrupted_shrine, layout_rooms,
          mainiacjoe_overflow_surrounded_room, mainiacjoe_overflow_24_doors,
          nicolae_ru_sacrificial_ziggurat, nicolae_twisty_statue_hallways

Skill      XL: |  1  2  3  4  5  6  7  8 |
---------------+-------------------------+-----
Dodging        | 1 2 3 |  3.7
Invocations    | 1 2 4 5 |  5.2
Fighting       | 3 4 5 6 |  6.2
Armour         | 1 2 3 |  3.6
Shapeshifting  | 1 2 |  2.8
Short Blades   | |  1.7
Throwing       | |  1.7
Stealth        | |  3.6

Action                     |  1- 3 |  4- 6 |  7- 9 || total
---------------------------+-------+-------+-------++-------
  Melee: Dagger            |    47 |       |       ||    47
         Whip              |    42 |   169 |    15 ||   226
         Punch             |       |     3 |       ||     3
  Throw: Dart              |       |     9 |     3 ||    12
         Throwing net      |       |       |     1 ||     1
    Use: Scroll            |       |     1 |       ||     1
         Potion            |       |       |     3 ||     3
   Stab: Sleeping          |     7 |     3 |       ||    10
 Armour: Robe              |    34 |    31 |       ||    65
         Scale mail        |       |    68 |    13 ||    81
  Dodge: Dodged            |    44 |    77 |     8 ||   129
  Block: Other             |       |    45 |     6 ||    51
         Reflection        |       |     1 |       ||     1

Table legend: (Time is in decaauts)
 A = Elapsed time spent in this place.
 B = Non-inter-level travel time spent in this place.
 C = Inter-level travel time spent in this place.
 D = Time resting spent in this place.
 E = Time spent auto-exploring this place.
 F = Levels seen in this place.
 G = Mean time per level.
                   A        B        C        D        E       F      G
               +--------+--------+--------+--------+--------+-----+--------+
         Total |   3221 |   3150 |     71 |    248 |   1946 |   6 |  536.8 |
       Dungeon |   3221 |   3150 |     71 |    248 |   1946 |   6 |  536.8 |
               +--------+--------+--------+--------+--------+-----+--------+

Top non-repeatable levels by time:
     D:2: 1253 daAuts
     D:1: 778 daAuts
     D:4: 549 daAuts
     D:3: 457 daAuts
     D:7: 120 daAuts
     D:6: 62 daAuts
